 Dungeon Crawl Stone Soup version 0.22.1-2-g9c5b331 (webtiles) character file.

8923 whitewolfNL the Basher (level 11, -22/92 HPs)
             Began as a Minotaur Berserker on Dec 4, 2018.
             Was a High Priest of Trog.
             Annihilated by an orc warlord
             ... wielding a +0 battleaxe of freezing
              (31 damage)
             ... on level 1 of the Orcish Mines.
             The game lasted 00:43:28 (10155 turns).

whitewolfNL the Basher (Minotaur Berserker)        Turns: 10155, Time: 00:43:28

Health: -22/92     AC: 16    Str: 22    XL:     11   Next: 16%
Magic:  12/12      EV: 11    Int:  5    God:    Trog [*****.]
Gold:   581        SH:  0    Dex: 12    Spells: 10/10 levels left

rFire    . . .     SeeInvis .   o - +6 flail (holy)
rCold    . . .     Gourm    +   (no shield)
rNeg     . . .     Faith    .   I - +0 plate armour
rPois    .         Spirit   .   z - +2 hat
rElec    .         Reflect  .   (no cloak)
rCorr    .         Harm     .   (no gloves)
MR       .....                  (no boots)
Stlth    ..........             A - amulet of the gourmand
HPRegen  0.25/turn              H - ring of stealth
MPRegen  0.13/turn              F - +1 ring of evasion

@: berserk cooldown, slowed, very slow
A: retaliatory headbutt, horns 2
a: Berserk, Trog's Hand, Brothers in Arms, Renounce Religion


You were on level 1 of the Orcish Mines.
You worshipped Trog.
Trog was extremely pleased with you.
You were not hungry.

You visited 2 branches of the dungeon, and saw 11 of its levels.

You collected 581 gold pieces.

Inventory:

Hand Weapons
 m - a +0 shortbow
 o - a +6 flail of holy wrath (weapon)
 q - a +4 hunting sling
 r - a +1 whip of flaming
 y - a +3 flail
 B - a +0 dire flail
 E - a +2 arbalest of flaming
Missiles
 d - 99 bolts
 j - 116 arrows
 l - 45 sling bullets
 D - 3 silver tomahawks (quivered)
Armour
 z - a +2 hat (worn)
 I - a +0 plate armour (worn)
Jewellery
 k - a +1 ring of protection
 A - an amulet of the gourmand (around neck)
 F - a +1 ring of evasion (right hand)
 H - a ring of stealth (left hand)
Wands
 n - a wand of iceblast (23)
 s - a wand of polymorph (16)
 C - a wand of acid (5)
 G - a wand of paralysis (13)
 J - a wand of digging (14)
Scrolls
 a - a scroll of immolation {unknown}
 f - a scroll of blinking {unknown}
 g - a scroll of remove curse
 h - 6 scrolls of teleportation
 u - 2 scrolls of enchant armour
 v - a scroll of magic mapping {unknown}
 w - a scroll of noise {unknown}
Potions
 b - a potion of heal wounds {unknown}
 e - a potion of degeneration {unknown}
 i - 3 potions of curing
 p - a potion of resistance {unknown}
 t - a potion of lignification {unknown}
Comestibles
 c - 16 rations


   Skills:
 + Level 7.2 Fighting
 * Level 13.4 Maces & Flails
 * Level 0.4 Crossbows
 * Level 10.6 Armour
 * Level 7.2 Dodging
 - Level 4.0 Stealth
 * Level 3.2 Evocations


You had 10 spell levels left.
You didn't know any spells.
Your spell library was empty.

Dungeon Overview and Level Annotations

Branches:
Dungeon (9/15)             Temple (0/1) D:6             Orc (2/2) D:9
   Lair: D:8-11         Elf: Orc:2

Altars:
Dithmenos
Gozag
Xom

Shops:
Orc:2 =


Innate Abilities, Weirdness & Mutations

You reflexively headbutt those who attack you in melee.
You have a pair of horns on your head.


Message History

You see here a bolt.
The orc knight roars a battlecry!
The orcs go into a battle-frenzy!
The orc sorcerer mumbles some strange words.
The orc warrior barely misses you.
The orc high priest prays to Beogh.
The orc warrior misses you. The ogre misses you.
The orc warlord hits you with a battleaxe of freezing!
The orc warlord freezes you!
* * * LOW HITPOINT WARNING * * *
The orc knight shoots a bolt.
The bolt hits you but does no damage.
You hear a shout!
You climb upwards.
There is a stone staircase leading down here.
You sock the orc warlord!
The orc warlord is lightly wounded.
The orc warrior hits you with a morningstar!
* * * LOW HITPOINT WARNING * * *
The orc warlord hits you with a battleaxe of freezing!!
You die...

### ##.#
##..#
#...####
##......##
###..).....##
#....###....#
#<...####...#
###..##..O@o#
#...#..o###
#.......#
####...##
#.......##
#...^....##
##..##.....#
#...###....#
#...##.)...#


You could see an orc warlord, an orc warrior and an ogre.

Vanquished Creatures
  Gastronok (D:8)
  A two-headed ogre (D:9)
  Pikel (D:4)
  Prince Ribbit (D:8)
  A dream sheep (D:3)
  A yak (D:7)
  A human (D:7)
  A hungry ghost (D:9)
  3 hogs (D:7)
  Menkaure (D:4)
  A steam dragon (D:9)
  Edmund (D:5)
  A warg (Orc:1)
  An acid dragon (D:6)
  3 ice beasts
  Duvessa (D:5)
  7 orc warriors
  4 sky beasts
  4 ogres
  3 centaurs
  6 bullfrogs
  A wyvern skeleton (D:6)
  A scorpion (D:7)
  Dowan (D:5)
  5 killer bees (D:7)
  8 wights
  3 crimson imps
  3 hounds
  7 orc priests
  A quasit (D:7)
  A gnoll shaman (D:5)
  5 jellies
  13 orc wizards
  Ijyb (D:4)
  6 worker ants
  A hound zombie (D:8)
  A hound skeleton (D:8)
  A howler monkey skeleton (D:8)
  5 gnolls (D:5)
  11 adders
  2 shadow imps
  An ooze (D:2)
  An adder skeleton (D:5)
  A dart slug (D:2)
  2 worms
  4 leopard geckos
  53 orcs
  7 bats
  6 giant cockroaches
  6 hobgoblins
  13 jackals
  3 kobolds
  5 quokkas
  A ball python (D:4)
  3 frilled lizards
  4 goblins
  A jackal skeleton (D:7)
  A leopard gecko skeleton (D:5)
  2 rats
235 creatures vanquished.

Vanquished Creatures (others)
  4 dream sheep (D:3)
  A worker ant (D:4)
  A fungus (Orc:2)
6 creatures vanquished.

Grand Total: 241 creatures vanquished

Notes
Turn   | Place    | Note
-------+----------+-------------------------------------------
     0 | D:1      | whitewolfNL the Minotaur Berserker began the quest for the
                  | Orb.
     0 | D:1      | Reached XP level 1. HP: 19/19 MP: 0/0
   407 | D:1      | Reached skill level 4 in Maces & Flails
   407 | D:1      | Reached XP level 2. HP: 27/27 MP: 1/1
   716 | D:2      | Reached XP level 3. HP: 26/33 MP: 2/2
   980 | D:2      | Reached ** piety under Trog
  1370 | D:3      | Reached skill level 5 in Maces & Flails
  1370 | D:3      | Reached XP level 4. HP: 20/40 MP: 3/3
  1402 | D:4      | Reached skill level 1 in Stealth
  1410 | D:4      | Reached XP level 5. HP: 16/46 MP: 4/4
  1879 | D:4      | Noticed Ijyb
  1879 | D:4      | Noticed Pikel
  1879 | D:4      | Noticed a slave
  1879 | D:4      | Noticed a slave
  1879 | D:4      | Noticed a slave
  1879 | D:4      | Noticed a slave
  1900 | D:5      | Entered Level 5 of the Dungeon
  1917 | D:5      | Noticed Edmund
  1944 | D:5      | Killed Edmund
  1944 | D:5      | Reached skill level 6 in Maces & Flails
  1944 | D:5      | Reached XP level 6. HP: 9/53 MP: 5/5
  2284 | D:5      | Noticed Duvessa
  2284 | D:5      | Noticed Dowan
  2288 | D:5      | Killed Dowan
  2291 | D:5      | Killed Duvessa
  2336 | D:5      | Reached skill level 7 in Maces & Flails
  2336 | D:5      | Reached XP level 7. HP: 60/60 MP: 6/6
  2399 | D:5      | Found a shadowy altar of Dithmenos.
  3441 | D:4      | Noticed Menkaure
  3447 | D:4      | Killed Menkaure
  3447 | D:4      | Reached skill level 8 in Maces & Flails
  3757 | D:4      | Killed Pikel
  3757 | D:4      | Reached skill level 5 in Fighting
  3757 | D:4      | Reached skill level 9 in Maces & Flails
  3757 | D:4      | Reached skill level 5 in Dodging
  3757 | D:4      | Reached XP level 8. HP: 68/68 MP: 7/7
  3779 | D:4      | Reached *** piety under Trog
  3783 | D:4      | Killed Ijyb
  4307 | D:3      | Found a shimmering altar of Xom.
  4307 | D:3      | Noticed a dream sheep
  4307 | D:3      | Noticed a dream sheep
  4307 | D:3      | Noticed a dream sheep
  4307 | D:3      | Noticed a dream sheep
  4307 | D:3      | Noticed a dream sheep
  4313 | D:3      | Killed a dream sheep
  4313 | D:3      | Killed a dream sheep
  4314 | D:3      | Killed a dream sheep
  4314 | D:3      | Killed a dream sheep
  4314 | D:3      | Killed a dream sheep
  5317 | D:6      | Found a staircase to the Ecumenical Temple.
  5448 | D:6      | Reached XP level 9. HP: 74/74 MP: 8/8
  5455 | D:6      | Found an opulent altar of Gozag.
  5539 | D:6      | Reached **** piety under Trog
  5672 | D:6      | Reached skill level 10 in Maces & Flails
  6369 | D:7      | Reached skill level 11 in Maces & Flails
  6380 | D:7      | Reached skill level 1 in Evocations
  6935 | D:7      | Reached ***** piety under Trog
  7041 | D:7      | Reached XP level 10. HP: 83/83 MP: 10/10
  7055 | D:7      | Reached skill level 12 in Maces & Flails
  7607 | D:8      | Noticed Gastronok
  7627 | D:8      | Killed Gastronok
  7889 | D:8      | Noticed Prince Ribbit
  7903 | D:8      | Killed Prince Ribbit
  8076 | D:8      | Reached skill level 13 in Maces & Flails
  8767 | D:8      | Reached skill level 10 in Armour
  9297 | D:9      | Noticed a two-headed ogre
  9315 | D:9      | Killed a two-headed ogre
  9315 | D:9      | Reached XP level 11. HP: 16/92 MP: 12/12
  9682 | D:9      | Received a gift from Trog
  9692 | D:9      | Found a staircase to the Orcish Mines.
 10050 | Orc:1    | Entered Level 1 of the Orcish Mines
 10132 | Orc:2    | Entered Level 2 of the Orcish Mines
 10132 | Orc:2    | Found Xewooneff's Jewellery Shoppe.
 10132 | Orc:2    | Noticed an orc knight
 10132 | Orc:2    | Noticed an orc sorcerer
 10132 | Orc:2    | Noticed an orc warlord
 10135 | Orc:2    | Noticed an orc knight
 10136 | Orc:2    | Noticed an orc high priest
 10154 | Orc:2    | Noticed a soul eater
 10155 | Orc:1    | Annihilated by an orc warlord

Skill      XL: |  1  2  3  4  5  6  7  8  9 10 |
---------------+-------------------------------+-----
Maces & Flails | 4 5 6 7 9 11 13 | 13.4
Fighting       | 4 5 6 7 |  7.2
Armour         | 3 6 7 8 10 | 10.6
Dodging        | 3 4 5 6 7 |  7.2
Stealth        | 1 2 3 4 |  4.0
Evocations     | 1 3 |  3.2
Crossbows      | |  0.4

Action                   |  1- 3 |  4- 6 |  7- 9 | 10-12 || total
-------------------------+-------+-------+-------+-------++-------
Melee: Mace              |    54 |    49 |       |       ||   103
       Headbutt          |     7 |    12 |    48 |    45 ||   112
       Flail             |       |    14 |   241 |   189 ||   444
       Scimitar          |       |       |    13 |       ||    13
Invok: Berserk           |     1 |     4 |    18 |    11 ||    34
Evoke: Wand              |       |       |       |     4 ||     4
  Use: Potion            |       |     1 |       |     1 ||     2
       Scroll            |       |       |     5 |     5 ||    10
 Stab: Sleeping          |     1 |     1 |       |       ||     2
  Eat: Chunk             |     1 |     8 |    17 |    20 ||    46
       Ration            |       |       |     4 |     2 ||     6
Armor: Animal skin       |    12 |       |       |       ||    12
       Leather armour    |       |    17 |       |       ||    17
       Scale mail        |       |     7 |    47 |       ||    54
       Chain mail        |       |       |    27 |       ||    27
       Plate armour      |       |       |    46 |    98 ||   144
Dodge: Dodged            |    35 |    49 |   125 |   109 ||   318
       Rpst.: Scimitar   |       |       |     2 |       ||     2
